 Dungeon Crawl Stone Soup version 0.26-b1-32-g5d43845318 (webtiles) character file.

Game seed: 15317198683304544836

19869 Borgoz the Basher (level 12, -2/76 HPs)
             Began as a Gargoyle Gladiator on Jan 10, 2021.
             Slain by a seven-headed hydra (11 damage)
             ... on level 12 of the Dungeon on Jan 11, 2021.
             The game lasted 00:24:12 (16144 turns).

Borgoz the Basher (Gargoyle Gladiator)             Turns: 16144, Time: 00:24:13

Health: -2/76      AC: 22    Str: 17    XL:     12   Next: 73%
Magic:  12/12      EV: 23    Int: 11    God:
Gold:   2122       SH:  5    Dex: 15    Spells: 11/11 levels left

rFire    . . .     SeeInvis .   k - +1 dire flail (vorpal)
rCold    . . .     Faith    .   (shield currently unavailable)
rNeg     + . .     Spirit   .   F - +2 troll leather armour
rPois    ∞         Reflect  +   c - +1 helmet
rElec    +         Harm     .   (no cloak)
rCorr    .         Rampage  .   w - +0 pair of gloves
Will     .....                  t - +1 pair of boots
Stlth    ++........             E - amulet of reflection
HPRegen  0.62/turn              l - ring of stealth
MPRegen  0.13/turn              C - +4 ring of evasion

@: about to teleport
A: negative energy resistance 1, electricity resistance, unbreathing,
petrification resistance, miasma immunity, AC +8
a: no special abilities


You were on level 12 of the Dungeon.
You visited 2 branches of the dungeon, and saw 13 of its levels.
You also visited: Sewer and Bailey.

You collected 2122 gold pieces.

Inventory:

Hand Weapons
 k - a +1 vorpal dire flail (weapon)
Missiles
 d - 7 throwing nets (quivered)
Armour
 c - a +1 helmet (worn)
 t - a +1 pair of boots (worn)
 w - a +0 pair of gloves (worn)
 x - a +2 leather armour of cold resistance
 F - a +2 troll leather armour (worn)
Jewellery
 l - a ring of stealth (left hand)
 C - a +4 ring of evasion (right hand)
 E - an amulet of reflection (around neck)
Wands
 r - a wand of disintegration (11)
 v - a wand of iceblast (7)
 A - a wand of flame (20)
Scrolls
 a - 5 scrolls of teleportation
 f - 2 scrolls of blinking
 h - 3 scrolls of remove curse
 q - 3 scrolls of fog
 y - a scroll of brand weapon {unknown}
 B - a scroll of enchant weapon {unknown}
 D - a scroll of torment {unknown}
 G - a scroll of summoning {unknown}
Potions
 b - 2 potions of resistance
 e - 3 potions of haste
 g - 4 potions of might
 j - a potion of berserk rage
 m - 2 potions of curing
 n - 3 potions of flight
 o - 3 potions of magic
 p - a potion of ambrosia
 s - 2 potions of mutation
 u - a potion of cancellation
 z - a potion of brilliance


   Skills:
 + Level 9.6 Fighting
 * Level 12.2 Maces & Flails
 - Level 1.7 Throwing
 + Level 9.2 Armour
 * Level 10.4 Dodging


You had 11 spell levels left.
You didn't know any spells.
Your spell library contained the following spells:

 Spells                   Type           Power        Failure   Level
 Corona                   Hex            0%           38%         1
 Foxfire                  Conj/Fire      0%           38%         1
 Slow                     Hex            0%           52%         2
 Conjure Flame            Conj/Fire      0%           77%         3
 Inner Flame              Hex/Fire       0%           77%         3
 Portal Projectile        Hex/Tloc       0%           77%         3
 Cause Fear               Hex            0%           99%         4
 Leda's Liquefaction      Hex/Erth       0%           99%         4
 Sticky Flame             Conj/Fire      0%           99%         4
 Fireball                 Conj/Fire      0%           100%        5


Dungeon Overview and Level Annotations

Branches:
Dungeon (12/15)            Temple (1/1) D:6            Lair (0/6) D:9
    Orc (0/2) D:9           Sewer (visited)          Bailey (visited)

Altars:
Ashenzari
Cheibriados
Dithmenos
Elyvilon
Fedhas
Gozag
Hepliaklqana
Kikubaaqudgha
Makhleb
Nemelex Xobeh
Okawaru
Qazlal
Ru
Sif Muna
Trog
Uskayaw
Vehumet
Wu Jian
Xom
Yredelemnul
Zin
The Shining One

Shops:
D:5 *


Innate Abilities, Weirdness & Mutations

You are resistant to torment.
Your stone body is resilient. (AC +8)
You are immune to poison.
You resist negative energy. (rN+)
You are resistant to electric shocks. (rElec)
You can survive without breathing.
You are immune to petrification.
You are immune to miasma.


Message History

The boulder beetle bites you!
* * * LOW HITPOINT WARNING * * *
You hit the boulder beetle.
The boulder beetle is severely wounded.
The seven-headed hydra misses you.
The seven-headed hydra bites you but does no damage.
The seven-headed hydra bites you.
* * * LOW HITPOINT WARNING * * *
The seven-headed hydra completely misses you.
The seven-headed hydra bites you but does no damage.
The seven-headed hydra closely misses you.
The seven-headed hydra bites you but does no damage.
An eye of draining comes into view.
The boulder beetle completely misses you.
Okay, then.
As you read the scroll of teleportation, it crumbles to dust.
You feel strangely unstable.
The seven-headed hydra completely misses you. x2
The seven-headed hydra bites you!
You die...

#.........## ...#
#......... ....
####......... .<...
##............ .....
###....###......
......###..(######......
.....#...### #.......
#.....# #......? ##.@.##
#.......)
#.BD.....#.........†
#[..####...###.##..†
...#.. . #.>[...#
...###. ......## #...#
.. ........ .... .#
....#... G.. .# ....#...
.......


You could see a boulder beetle, a seven-headed hydra and an eye of draining
(wandering).

Vanquished Creatures
  Harold (D:7)
  2 hydras
  A boulder beetle (D:12)
  Erica (D:8)
  A two-headed ogre (D:8)
  2 orc knights (Bailey)
  An orange crystal statue (D:11)
  2 ugly things (D:12)
  2 orc sorcerers (Bailey)
  3 slime creatures (D:12)
  2 cyclopes (D:11)
  Maurice (D:9)
  A komodo dragon (D:12)
  2 trolls
  A vampire (D:8)
  13 yaks
  Sigmund (D:2)
  A wyvern (D:11)
  A wraith (D:10)
  Grum (D:11)
  Menkaure (D:7)
  An acid dragon (D:11)
  15 orc warriors
  4 black bears
  2 ice beasts (D:5)
  3 sky beasts (D:12)
  2 phantoms
  2 eyes of draining
  7 wolves
  6 ogres
  2 centaurs
  A big kobold (D:7)
  13 bullfrogs
  A wyvern zombie (D:9)
  2 wyvern skeletons
  3 scorpions
  4 killer bees (D:7)
  12 wights
  2 howler monkeys
  5 electric eels
  A crimson imp (D:3)
  A quasit (D:10)
  10 hounds
  8 jellies
  7 orc priests
  18 orc wizards
  2 bullfrog zombies
  A centaur skeleton (D:6)
  A bullfrog skeleton (D:11)
  3 iguanas
  10 worker ants
  2 killer bee zombies (D:8)
  A worker ant zombie (D:8)
  Robin (D:2)
  10 adders
  14 gnolls
  2 shadow imps
  A white imp (D:5)
  4 ufetubi
  6 oozes
  2 adder zombies
  An adder skeleton (D:7)
  9 worms
  A dart slug (D:1)
  3 leopard geckos
  63 orcs
  A ball python (D:1)
  13 bats
  8 giant cockroaches
  30 goblins
  21 hobgoblins
  4 jackals (Sewer)
  2 quokkas
  3 frilled lizards
  5 kobolds
  A leopard gecko skeleton (D:4)
  A leopard gecko zombie (D:6)
  2 quokka skeletons
  8 rats
409 creatures vanquished.

Vanquished Creatures (others)
  2 goblins
  2 plants (D:1)
4 creatures vanquished.

Grand Total: 413 creatures vanquished

Notes
Turn   | Place    | Note
-------+----------+-------------------------------------------
     0 | D:1      | Borgoz the Gargoyle Gladiator began the quest for the Orb.
     0 | D:1      | Reached XP level 1. HP: 12/12 MP: 1/1
   351 | D:1      | Reached XP level 2. HP: 13/18 MP: 2/2
   896 | D:2      | Noticed Sigmund
   911 | D:2      | Reached skill level 1 in Armour
   933 | D:2      | Killed Sigmund
   934 | D:2      | Reached skill level 4 in Maces & Flails
   934 | D:2      | Reached XP level 3. HP: 5/23 MP: 3/3
   934 | D:2      | Reached XP level 4. HP: 6/28 MP: 4/4
   934 | D:2      | Reached XP level 5. HP: 7/32 MP: 5/5
  1396 | D:2      | Noticed Robin
  1434 | D:2      | Killed Robin
  1530 | D:2      | Found a shimmering altar of Xom.
  1540 | D:2      | Found a glowing silver altar of Zin.
  1541 | D:2      | Found an iron altar of Okawaru.
  1542 | D:2      | Found a sparkling altar of Nemelex Xobeh.
  1544 | D:2      | Found an ancient bone altar of Kikubaaqudgha.
  2351 | D:3      | Reached XP level 6. HP: 37/37 MP: 6/6
  2438 | D:3      | Found a white marble altar of Elyvilon.
  3246 | D:3      | Found a burning altar of Makhleb.
  3246 | D:3      | Found a radiant altar of Vehumet.
  3556 | D:4      | Noticed a black bear
  3567 | D:4      | Killed a black bear
  3568 | D:4      | Reached skill level 5 in Maces & Flails
  3568 | D:4      | Reached XP level 7. HP: 30/42 MP: 7/7
  3856 | D:4      | Found a glowing drain.
  3860 | Sewer    | Entered a sewer
  4845 | D:4      | Found a sacrificial altar of Ru.
  4845 | D:4      | Found a faded altar of an unknown god.
  4850 | D:4      | Found a basalt altar of Yredelemnul.
  4852 | D:4      | Found an ornate altar of the Wu Jian Council.
  4853 | D:4      | Found a shimmering blue altar of Sif Muna.
  4875 | D:5      | Entered Level 5 of the Dungeon
  4895 | D:5      | Found Ytajiun's Assorted Antiques.
  4971 | D:5      | Reached XP level 8. HP: 41/48 MP: 8/8
  5104 | D:5      | Reached skill level 6 in Maces & Flails
  5116 | D:5      | Reached skill level 5 in Dodging
  6572 | D:6      | Reached skill level 5 in Fighting
  6827 | D:6      | Reached skill level 7 in Maces & Flails
  6831 | D:6      | Reached XP level 9. HP: 54/54 MP: 9/9
  7111 | D:6      | Reached skill level 5 in Armour
  7218 | D:6      | Found a staircase to the Ecumenical Temple.
  7431 | Temple   | Entered the Ecumenical Temple
  8130 | D:7      | Noticed Harold
  8131 | D:7      | Noticed Menkaure
  8156 | D:7      | Killed Harold
  8157 | D:7      | Reached skill level 8 in Maces & Flails
  8158 | D:7      | Killed Menkaure
  8851 | D:7      | Reached XP level 10. HP: 50/61 MP: 10/10
  8904 | D:7      | Found a shimmering altar of Xom.
  8962 | D:8      | Noticed a two-headed ogre
  8972 | D:8      | Killed a two-headed ogre
  9041 | D:8      | Reached skill level 9 in Maces & Flails
  9972 | D:8      | Noticed Erica
  9989 | D:8      | Killed Erica
 10463 | D:8      | Found a sparkling altar of Nemelex Xobeh.
 10554 | D:9      | Found a staircase to the Lair.
 10619 | D:9      | Noticed Maurice
 10641 | D:9      | Killed Maurice
 10642 | D:9      | Reached skill level 10 in Maces & Flails
 10642 | D:9      | Reached XP level 11. HP: 38/67 MP: 11/11
 11180 | D:9      | Found a staircase to the Orcish Mines.
 11404 | D:9      | Found a stormy altar of Qazlal.
 11803 | D:10     | Entered Level 10 of the Dungeon
 12745 | D:11     | Noticed an eight-headed hydra
 12756 | D:11     | Killed an eight-headed hydra
 12764 | D:11     | Found a flagged portal.
 12792 | D:11     | Noticed a cyclops
 12801 | D:11     | Killed a cyclops
 12912 | Bailey   | Entered a bailey
 13233 | Bailey   | Found an iron altar of Okawaru.
 13233 | Bailey   | Noticed an orc sorcerer
 13233 | Bailey   | Noticed an orc sorcerer
 13248 | Bailey   | Killed an orc sorcerer
 13254 | Bailey   | Noticed a soul eater
 13255 | Bailey   | Killed an orc sorcerer
 13256 | Bailey   | Reached skill level 11 in Maces & Flails
 13824 | Bailey   | Noticed an orc knight
 13843 | Bailey   | Killed an orc knight
 13855 | Bailey   | Acquired 1374 gold pieces
 14006 | Bailey   | Noticed an orc knight
 14023 | Bailey   | Killed an orc knight
 14024 | Bailey   | Reached XP level 12. HP: 64/75 MP: 12/12
 14201 | D:11     | Found a runed translucent door.
 14212 | D:11     | Found a runed translucent door.
 14288 | D:11     | Found a runed translucent door.
 14299 | D:11     | Found a runed translucent door.
 14635 | D:11     | Noticed Grum
 14656 | D:11     | Killed Grum
 15038 | D:11     | Identified the +3 hunting sling "Dragonbane" {vorpal,
                  | Str+4}
 15459 | D:11     | Noticed a two-headed ogre
 15617 | D:12     | Reached skill level 10 in Dodging
 15718 | D:12     | Noticed a seven-headed hydra
 15735 | D:12     | Killed a seven-headed hydra
 15738 | D:12     | Noticed a boulder beetle
 15780 | D:12     | Killed a boulder beetle
 15781 | D:12     | Reached skill level 12 in Maces & Flails
 15870 | D:12     | Noticed a boulder beetle
 16128 | D:12     | Noticed a seven-headed hydra
 16144 | D:12     | Slain by a seven-headed hydra

Illustrated notes

Levels and vault maps discovered:
D:1:      tarquinn_simple_flora_water_c, layout_loops_ring, serial_forest,
          infiniplex_forest_clump_tiny, infiniplex_forest_corner_2,
          infiniplex_forest_clump_large, infiniplex_forest_lined_corner,
          infiniplex_forest_lined_1, infiniplex_forest_end_3,
          kennysheep_pointless_box
D:2:      layout_basic, minitemple, uniq_robin, uniq_sigmund
D:3:      layout_loops_ring, grunt_temple_overflow_lords_of_destruction,
          elyvilon_altar_4, minmay_goblin_outpost
D:4:      layout_rooms, chequers_temple_overflow_minitemple,
          gup_sewer_entry_bowl
D:5:      layout_layer_cave, serial_shops, shop
D:6:      layout_cave_pods, minmay_temple_entry_grid
D:7:      layout_loops_ring, dk_xom_monty_hall, uniq_menkaure, uniq_harold
D:8:      layout_basic, serial_aquarium, aquarium_bridge_square
          [aquarium_subvault_balcony, aquarium_subvault_bridge,
          aquarium_subvault_bridge, aquarium_subvault_wall], aquarium_window_2,
          aquarium_window_corridor_1, aquarium_view_2f, aquarium_balcony_5a,
          nemelex_dance_club_becter, uniq_erica
D:9:      layout_roguey, marbit_many_paths, erik_lair_island, erik_orc_3,
          serial_bayou_pond_b, uniq_maurice
D:10:     layout_basic
D:11:     layout_gridville, enter_bailey_5, minmay_statue_crystal_thing,
          uniq_grum
D:12:     layout_cave_pools, gammafunk_ghost_grave, grunt_ministairs_11
Temple:   jpeg_temple_island

Skill      XL: |  1  2  3  4  5  6  7  8  9 10 11 12 |
---------------+-------------------------------------+-----
Armour         | 2 3 4 5 7 8 9 |  9.2
Fighting       | 3 4 5 6 7 8 9 |  9.6
Maces & Flails | 4 5 7 8 10 11 12 | 12.2
Dodging        | 3 4 5 7 8 9 10 | 10.4
Throwing       | |  1.7

Action                   |  1- 3 |  4- 6 |  7- 9 | 10-12 || total
-------------------------+-------+-------+-------+-------++-------
Melee: Flail             |    81 |   185 |   568 |    71 ||   905
       Dire flail        |       |       |       |   989 ||   989
Throw: Throwing net      |     1 |       |       |       ||     1
Evoke: Wand              |       |       |       |     3 ||     3
  Use: Potion            |     3 |       |     3 |     5 ||    11
       Scroll            |       |     2 |    16 |    13 ||    31
 Stab: Sleeping          |       |       |     2 |     8 ||    10
Armor: Leather armour    |    35 |    29 |       |   251 ||   315
       Skin              |     2 |       |       |       ||     2
       Ring mail         |       |   106 |   345 |    24 ||   475
       Troll leather arm |       |       |       |   118 ||   118
Dodge: Dodged            |    66 |   175 |   511 |   943 ||  1695
Block: Other             |       |       |       |   151 ||   151
       Reflection        |       |       |       |     4 ||     4
